Selects Airborne Battlegroup
Selects Heavy Machine Gun Paradrop
Heavy Machine Gun Paradrop
Heavy Machine Gun Paradrop
Selects Paratrooper Squad Paradrop
Paratrooper Squad Paradrop
Paratrooper Squad Paradrop
Construct Medical Station
Selects Smoke Bombing Run
Selects Paradrop Reinforcements
Paratrooper Squad Paradrop
Paratrooper Squad Paradrop
Selects Dual P-47 Rocket Strike
Paratrooper Squad Paradrop
M4(105) Sherman Bulldozer